 Dungeon Crawl Stone Soup version 0.17.1-2-g5865329 (webtiles) character file.

465 Miyamura the Shield-Bearer (level 7, 0/56 HPs)
             Began as a Formicid Fighter on Feb 13, 2016.
             Succumbed to a centaur's poison
             ... on level 4 of the Dungeon.
             The game lasted 00:10:53 (4245 turns).

Miyamura the Shield-Bearer (Formicid Fighter)       Turns: 4245, Time: 00:10:54

Health: 0/56       AC: 10    Str: 21    XL:     7   Next: 29%
Magic:  7/7        EV:  9    Int:  9    God:
Gold:   3          SH: 10    Dex: 10    Spells: 0 memorised, 6 levels left

rFire  . . .     SeeInvis +     a - +0 war axe
rCold  . . .     Clarity  .     b - +0 scale mail
rNeg   . . .     SustAt   .     c - +0 shield
rPois  .         Gourm    .     (helmet unavailable)
rElec  .         Spirit   .     d - +0 cloak
rCorr  .         Warding  .     (no gloves)
rMut   .         Stasis   +     (no boots)
MR     .....                    (no amulet)
Stlth  +.........               (no ring)
                                k - ring of stealth

@: lethally poisoned (0 -> -39), not resistant to hostile enchantments, very
unstealthy
A: permanent stasis, dig shafts and tunnels, four strong arms, antennae 3, thin
metallic scales 1
a: Dig, Shaft Self


You were on level 4 of the Dungeon.
You were hungry.

You visited 1 branch of the dungeon, and saw 4 of its levels.

You collected 163 gold pieces.
You spent 160 gold pieces at shops.

Inventory:

Hand Weapons
 a - a +0 war axe (weapon)
Armour
 b - a +0 scale mail (worn)
 c - a +0 shield (worn)
 d - a +0 cloak (worn)
Jewellery
 k - a ring of stealth (left hand)
Wands
 p - a wand of magic darts (22)
 u - a wand of random effects (22)
Scrolls
 f - 3 scrolls of remove curse
 l - 2 scrolls of enchant weapon
 m - a scroll of fog {unknown}
 q - 2 scrolls of magic mapping
 t - a scroll of enchant armour {unknown}
Comestibles
 e - a bread ration
 i - 5 meat rations
 j - 3 slices of pizza
 r - 4 fruits


   Skills:
 + Level 5.0 Fighting
 + Level 3.4 Axes
 + Level 5.0 Armour
 + Level 2.4 Dodging
 + Level 5.1 Shields


You had 6 spell levels left.
You didn't know any spells.

Dungeon Overview and Level Annotations

Branches:
Dungeon (4/15)
 Temple: D:4-7

Altars:
Elyvilon
Fedhas
Vehumet
Xom

Shops:
D:4 =?*=


Innate Abilities, Weirdness & Mutations

You are under a permanent stasis effect.
You can dig through walls and to a lower floor.
Your four strong arms can wield two-handed weapons with a shield.
You have a pair of large antennae on your head (SInv).
You are partially covered in thin metallic scales (AC +2).


Message History

* * * LOW HITPOINT WARNING * * *
You feel very sick.
The centaur shoots a poisoned arrow.
You block the poisoned arrow.
Read which item? (? for menu, Esc to quit)
As you read the scroll labeled CYCKI GOYLA, it crumbles to dust.
You feel forgetful for a moment.
It was a scroll of amnesia.
* * * LOW HITPOINT WARNING * * *
You feel very sick.
The centaur unwields an uncursed shortbow.
The centaur hits you but does no damage.
Read which item? (? for menu, Esc to quit)
As you read the scroll of fear, it crumbles to dust.
You assume a fearsome visage.
The centaur looks frightened!
* * * LOW HITPOINT WARNING * * *
You feel very sick.
Unknown command.
Read which item? (? for menu, Esc to quit)
As you read the scroll labeled FOTECIF NETIA, it crumbles to dust.
Formicids cannot teleport.
It was a scroll of blinking.
You die...

#.#{ #.# # #.# .# #.#
#'## #.# #...# ### ###.#
#..... ..# ###.#.##
#......
#.#######......##†......
...............(@.c..8.%
#.#######....####.......
#.# #.#.## #...... #.#
#.### #..∩.. #.# #.#
#...# #.# #.# #.## ..#
#.# 8# ### .# # #


You could see a centaur (fleeing).

Vanquished Creatures
  A phantom (D:3)
  A centaur (D:4)
  2 orc priests (D:3)
  6 adders
  5 gnolls
  A shadow imp (D:4)
  An ooze (D:2)
  3 worms
  6 giant geckos
  6 orcs
  10 bats
  5 giant cockroaches
  8 goblins
  13 hobgoblins
  5 jackals (D:1)
  17 kobolds
  A quokka (D:2)
  A ball python (D:4)
  A giant gecko skeleton (D:4)
  7 giant newts
  A jackal skeleton (D:4)
  6 rats
107 creatures vanquished.

Notes
Turn   | Place    | Note
--------------------------------------------------------------
     0 | D:1      | Miyamura the Formicid Fighter began the quest for the Orb.
     0 | D:1      | Reached XP level 1. HP: 18/18 MP: 1/1
    65 | D:1      | Reached XP level 2. HP: 24/24 MP: 2/2
   237 | D:1      | Reached XP level 3. HP: 21/29 MP: 3/3
   348 | D:1      | Reached skill level 1 in Dodging
   738 | D:1      | Reached skill level 4 in Shields
   763 | D:1      | Reached XP level 4. HP: 37/37 MP: 4/4
  1918 | D:2      | Reached XP level 5. HP: 38/42 MP: 5/5
  2027 | D:3      | Noticed a phantom
  2040 | D:3      | Killed a phantom
  2040 | D:3      | Reached XP level 6. HP: 37/49 MP: 6/6
  2142 | D:3      | Found a blossoming altar of Fedhas.
  2500 | D:4      | Found a blossoming altar of Fedhas.
  3549 | D:4      | Found a white marble altar of Elyvilon.
  3553 | D:4      | Found a shimmering altar of Xom.
  3558 | D:4      | Found a radiant altar of Vehumet.
  3674 | D:4      | Found Mesucatt's General Store.
  3682 | D:4      | Bought a scroll of identify for 28 gold pieces
  3682 | D:4      | Bought a scroll of remove curse for 42 gold pieces
  3683 | D:4      | Gained mutation: You are partially covered in thin metallic scales (AC +2). [potion of beneficial mutation]
  3757 | D:4      | Reached XP level 7. HP: 55/55 MP: 7/7
  3833 | D:4      | Reached skill level 5 in Shields
  3839 | D:4      | Found Noprapri's Magic Scroll Shop.
  3842 | D:4      | Bought a scroll of magic mapping for 35 gold pieces
  3842 | D:4      | Bought a scroll of fear for 35 gold pieces
  3902 | D:4      | Reached skill level 5 in Fighting
  3902 | D:4      | Reached skill level 5 in Armour
  4076 | D:4      | Found Pateovac's Jewellery Shop.
  4081 | D:4      | Bought a cursed amulet of inaccuracy for 20 gold pieces
  4230 | D:4      | Found Tonul's Jewellery Emporium.
  4245 | D:4      | Succumbed to a centaur's poison

Action                   |  1- 3 |  4- 6 |  7- 9 || total
-------------------------+-------+-------+-------++-------
Melee: War axe           |   105 |   216 |    42 ||   363
 Abil: Dig               |       |     2 |       ||     2
  Use: Potion            |     1 |     4 |     1 ||     6
       Scroll            |       |     2 |     3 ||     5
  Eat: Chunk             |       |    10 |     1 ||    11
